AoeStats
← oslepov1

Arabia

509950624Analyzed
1v1 RM · 3d ago on Sep 28, 2026· 47m 8s· 2 players
Game mode
Random Map
Map size
Tiny (2 player)
Population
200
Speed
Normal
Resources
Standard
Victory
Conquest
Starting age
Dark Age
Ending age
Imperial Age
RankedLock teamsTeams togetherTeam positionsShared explorationLock speedFull tech treeHidden civsTurbo modeCheats
Victory
Defeat
🇨🇱 Varangians · Chile
551
+14
🇬🇧 Lithuanians · United Kingdom
500
-24
oslepov1
10:04 Feudal Age
11:14 Loom
15:05 Castle Age
14:05 Horse Collar
14:17 Double-Bit Axe
20:33 Bow Saw
20:27 Heavy Plow
31:46 Imperial Age
30:39 Scale Barding Armor
30:45 Forging
30:44 Squires
30:07 Pikeman
31:34 Wheelbarrow
31:27 Bloodlines
32:41 Husbandry
33:12 Cavalier
39:12 Elite Leitis
41:05 Chain Barding Armor
41:21 Iron Casting
43:25 Onager
45:25 Hand Cart
46:15 Two-Man Saw
46:46 Heavy Cavalry Archer
CrisBuster98
3:30 Loom
10:33 Feudal Age
13:00 Double-Bit Axe
20:54 Castle Age
21:25 Forging
21:15 Scale Mail Armor
21:24 Scale Barding Armor
24:59 Husbandry
28:43 Light Cavalry
30:45 Bloodlines
30:40 Horse Collar
31:00 Treadmill Crane
31:44 Ballistics
31:36 Fortified Wall
31:53 Murder Holes
33:45 Iron Casting
33:30 Chain Barding Armor
36:16 Pikeman
36:56 Squires
39:32 Imperial Age
36:55 Town Watch
37:52 Wheelbarrow
40:23 Halberdier
40:27 Elite Varangian Guard
41:56 Conscription
42:12 Hand Cart
41:58 Town Patrol
43:29 Scale Mail Armor
46:49 Gothikon
46:52 Vendel Legacy
Connection lost

Rejoining the realm…

Still unreachable

The connection could not be restored.

Session expired

The server has moved on; the page needs a fresh start.